 Dungeon Crawl Stone Soup version 0.30-a0-719-gcc4359ea44 (webtiles) character file.

Game seed: 4389927215503112294

6955 Arximoufas the Protected (level 11, -1/68 HPs)
             Began as a Formicid Earth Elementalist on Jan 26, 2023.
             Was a High Priest of Cheibriados.
             Slain by a killer bee (2 damage)
             ... on level 10 of the Dungeon on Jan 27, 2023.
             The game lasted 01:42:23 (15724 turns).

Arximoufas the Protected (FoEE)                    Turns: 15724, Time: 01:42:23

Health: -1/68      AC:  4    Str: 27    XL:     11   Next: 28%
Magic:  3/19       EV: 13    Int: 31    God:    Cheibriados [*****.]
Gold:   786        SH:  0    Dex: 27    Spells: 11/21 levels left

rFire   . . .      SeeInvis +    G - staff of earth
rCold   . . .      Faith    .    (no shield)
rNeg    . . .      Spirit   .    a - +0 robe
rPois   .          Reflect  .    (helmet unavailable)
rElec   .          Harm     .    u - +0 cloak
rCorr   .          Rampage  .    (no gloves)
Will    +....                    (no boots)
Stlth   ++++                     w - amulet of regeneration
HPRegen 1.11/turn                H - ring of wizardry
MPRegen 0.16/turn                L - ring of flight

@: lethally poisoned (-1 -> -1), flying, studying Polearms, very slow
A: permanent stasis, dig shafts and tunnels, antennae 3, four strong arms
a: Dig, Shaft Self, Renounce Religion, Bend Time, Temporal Distortion, Slouch,
Step From Time


You were on level 10 of the Dungeon.
You worshipped Cheibriados.
Cheibriados was extremely pleased with you.
You visited 3 branches of the dungeon, and saw 14 of its levels.
You also visited: Ossuary and Bailey.

You collected 786 gold pieces.

Inventory:

Hand Weapons
 t - a +0 giant spiked club
 D - a +4 halberd
 I - a +1 great sword of freezing
Missiles
 K - 4 silver boomerangs
 N - a curare-tipped dart
Armour
 a - a +0 robe (worn)
 u - a +0 cloak (worn)
 B - a +0 plate armour
 P - a +0 kite shield
Magical Staves
 o - a staff of poison
 A - a staff of air
 E - a staff of cold
 G - a staff of earth (weapon)
Jewellery
 r - a ring of ice
 w - an amulet of regeneration (around neck)
 H - a ring of wizardry (left hand)
 L - a ring of flight (right hand)
Wands
 n - a wand of charming (3)
 p - a wand of flame (11)
Scrolls
 e - 3 scrolls of enchant armour {unknown}
 f - 3 scrolls of fear
 h - 2 scrolls of brand weapon {unknown}
 l - a scroll of vulnerability {unknown}
 m - 4 scrolls of enchant weapon {unknown}
 q - 7 scrolls of teleportation {unknown}
 v - 4 scrolls of noise {unknown}
 x - 3 scrolls of amnesia
 y - 3 scrolls of magic mapping {unknown}
 z - 2 scrolls of poison {unknown}
 C - 5 scrolls of blinking {unknown}
Potions
 b - a potion of invisibility {unknown}
 c - a potion of resistance
 d - a potion of cancellation
 g - 4 potions of curing
 i - 6 potions of flight
 j - 4 potions of brilliance {unknown}
 k - 3 potions of might {unknown}
 F - 2 potions of heal wounds
 J - 2 potions of berserk rage {unknown}
 O - a potion of lignification


   Skills:
 - Level 5.0 Staves
 - Level 10.0 Armour
 - Level 1.7 Dodging
 - Level 6.3 Stealth
 - Level 5.6 Spellcasting
 - Level 2.0 Conjurations
 - Level 7.0 Transmutations
 - Level 8.5 Earth Magic
 + Level 6.2 Invocations
 - Level 2.0 Evocations


You had 11 spell levels left.
You knew the following spells:

 Your Spells              Type           Power      Damage    Failure   Level
a - Sandblast             Erth           100%       2d20      1%          1
b - Passwall              Tmut/Erth      59%        N/A       1%          2
c - Stone Arrow           Conj/Erth      100%       3d13      1%          3
d - Petrify               Tmut/Erth      71%        N/A       1%          4

Your spell library contained the following spells:

 Spells                   Type           Power      Damage    Failure   Level
 Kiss of Death            Conj/Necr      56%        2d9       1%          1
 Magic Dart               Conj           84%        1d7       1%          1
 Searing Ray              Conj           42%        2d6       1%          2
 Scorch                   Fire           16%        2d5       3%          2
 Flame Wave               Conj/Fire      14%        2d6       14%         4
 Fulminant Prism          Conj/Hex       7%         3d7       14%         4
 Summon Cactus Giant      Summ           4%         N/A       95%         6


Dungeon Overview and Level Annotations

Branches:
Dungeon (11/15)            Temple (1/1) D:4             Orc (2/2) D:9
Ossuary (visited)          Bailey (visited)
   Lair: D:8-11         Elf: Orc:2

Altars:
Ashenzari
Cheibriados
Dithmenos
Elyvilon
Fedhas
Gozag
Hepliaklqana
Kikubaaqudgha
Makhleb
Nemelex Xobeh
Okawaru
Qazlal
Ru
Sif Muna
Trog
Uskayaw
Vehumet
Wu Jian
Xom
Yredelemnul
Zin
The Shining One

Shops:
D:10 =   D:11 [


Innate Abilities, Weirdness & Mutations

You cannot be hasted, slowed, berserked, paralysed or teleported.
You can dig through walls and to a lower floor.
You have a pair of large antennae on your head. (SInv)
Your four strong arms can wield two-handed weapons with a shield.


Message History

The killer bee stings you but does no damage.
The killer bee attacks as you move away!
The killer bee stings you.
You feel sick.
You are no longer poisoned.
The killer bee closely misses you. The killer bee stings you.
The killer bee barely misses you. x3; The killer bee closely misses you.
The killer bee stings you.
The killer bee attacks as you move away!
The killer bee misses you. The killer bee stings you!
You are poisoned.
The killer bee poisons you!
The killer bee stings you but does no damage.
You feel sick. The killer bee stings you. x3
The killer bee barely misses you. The killer bee misses you.
The killer bee stings you but does no damage.
The killer bee closely misses you.
The killer bee attacks as you move away!
The killer bee barely misses you.
You feel sick. The killer bee stings you!
* * * LOW HITPOINT WARNING * * *
The killer bee completely misses you. x2; The killer bee closely misses you.
The killer bee stings you.
* * * LOW HITPOINT WARNING * * *
The killer bee stings you.
* * * LOW HITPOINT WARNING * * *
A yak comes into view.
There is a stone staircase leading up, spattered with blood here.
You feel much better.
You feel sick. The killer bee stings you. The killer bee stings you!
* * * LOW HITPOINT WARNING * * *
The killer bee stings you.
* * * LOW HITPOINT WARNING * * *
The killer bee stings you!
* * * LOW HITPOINT WARNING * * *
A yak comes into view.
Okay, then.
You feel sick. The killer bee closely misses you. The killer bee stings you.
* * * LOW HITPOINT WARNING * * *
The killer bee stings you but does no damage.
The killer bee stings you.
You die...

{ #..# . #..#
{....#############..# Y
...................#
.y{..{#####...........#
... {{#...#...........#
y... +...#......######
##...... #...#..Y...#
.........###'#Yy@...#
.........YY....y..###
.###############.#
#.........!...#.#
#.............#.# .
#.............'.###
..#.............#...#
..#######.......#...#
........#########...#


You could see 4 yaks and 2 killer bees.

Vanquished Creatures
  Pikel (D:7)
  Prince Ribbit (D:5)
  A shadow (D:10)
  A vampire (D:10)
  2 wraiths
  A wyvern (D:9)
  A steam dragon (D:7)
  3 yaks
  Edmund (D:5)
  A water moccasin (D:6)
  5 orc warriors
  4 sky beasts
  An ice beast (D:6)
  A black bear (D:5)
  2 ogres
  2 centaurs
  4 lemures
  2 phantoms
  A kobold brigand (D:7)
  6 bullfrogs
  Blork the orc (D:5)
  A necrophage (D:6)
  3 scorpions
  2 water moccasin zombies (Ossuary)
  8 wights
  9 killer bees
  3 howler monkeys
  2 centaur zombies (Ossuary)
  2 bullfrog zombies (Ossuary)
  3 hounds
  A human zombie (Ossuary)
  A gnoll bouda (D:6)
  9 orc priests
  Crazy Yiuf (D:5)
  4 iguanas
  3 jellies
  14 orc wizards
  A scorpion zombie (Ossuary)
  Ijyb (D:5)
  4 gnolls (D:6)
  8 adders
  A white imp (D:5)
  2 adder zombies (Ossuary)
  3 dart slugs
  66 orcs
  7 endoplasms
  2 giant cockroaches (D:1)
  6 hobgoblins
  5 jackals
  7 quokkas
  6 ball pythons
  3 bats
  3 frilled lizards
  4 gnoll zombies (Ossuary)
  13 goblins
  4 goblin zombies (Ossuary)
  4 hobgoblin zombies (Ossuary)
  9 kobolds
  5 orc zombies (Ossuary)
  A rat (D:2)
273 creatures vanquished.

Vanquished Creatures (others)
  A wizard (D:5)
  A jackal (D:2)
  A fungus (D:11)
  A plant (D:11)
4 creatures vanquished.

Grand Total: 277 creatures vanquished

Notes
Turn   | Place    | Note
-------+----------+-------------------------------------------
     0 | D:1      | Arximoufas the Formicid Earth Elementalist began the quest
                  | for the Orb.
     0 | D:1      | Reached XP level 1. HP: 13/13 MP: 3/3
   285 | D:1      | Reached XP level 2. HP: 19/19 MP: 1/5
   672 | D:2      | Found a burning altar of Makhleb.
   685 | D:2      | Reached XP level 3. HP: 24/24 MP: 2/6
   994 | D:2      | Reached XP level 4. HP: 30/30 MP: 4/7
  1024 | D:2      | Learned a level 2 spell: Passwall
  1925 | D:3      | Reached XP level 5. HP: 35/35 MP: 5/8
  2733 | D:4      | Reached skill level 5 in Earth Magic
  2733 | D:4      | Reached XP level 6. HP: 41/41 MP: 6/9
  3209 | D:4      | Found a staircase to the Ecumenical Temple.
  3216 | Temple   | Entered the Ecumenical Temple
  3223 | Temple   | Became a worshipper of Cheibriados the Contemplative
  3341 | D:5      | Entered Level 5 of the Dungeon
  3412 | D:5      | Found a sand-covered staircase.
  3419 | Ossuary  | Entered an ossuary
  3622 | Ossuary  | Reached skill level 1 in Staves
  3622 | Ossuary  | Reached skill level 1 in Evocations
  3696 | Ossuary  | Reached skill level 5 in Stealth
  3696 | Ossuary  | Reached XP level 7. HP: 43/46 MP: 5/10
  3933 | Ossuary  | Reached * piety under Cheibriados
  3934 | Ossuary  | Reached skill level 5 in Transmutations
  4020 | Ossuary  | Noticed a silent spectre
  4081 | D:5      | Found a bloodstained altar of Trog.
  4083 | D:5      | Noticed a wizard
  4151 | D:5      | Killed a wizard
  4154 | D:5      | Noticed Ijyb
  4270 | D:5      | Noticed Blork the orc
  4321 | D:5      | Killed Ijyb
  4529 | D:5      | Reached XP level 8. HP: 12/52 MP: 8/11
  4534 | D:5      | Reached skill level 1 in Invocations
  4646 | D:6      | Learned a level 3 spell: Stone Arrow
  5407 | D:6      | Reached ** piety under Cheibriados
  5870 | D:6      | Reached skill level 1 in Conjurations
  6365 | D:7      | Noticed Pikel
  6492 | D:7      | Reached XP level 9. HP: 57/57 MP: 9/13
  6536 | D:7      | Learned a level 4 spell: Petrify
  8374 | D:7      | Killed Pikel
  8640 | D:8      | Reached skill level 5 in Spellcasting
  8704 | D:8      | Reached skill level 5 in Staves
  8784 | D:8      | Reached XP level 10. HP: 63/63 MP: 1/17
  9108 | D:8      | Found a glowing silver altar of Zin.
  9108 | D:8      | Found a shimmering blue altar of Sif Muna.
  9325 | D:8      | Reached *** piety under Cheibriados
  9645 | D:8      | Found an ancient bone altar of Kikubaaqudgha.
  9645 | D:8      | Found an opulent altar of Gozag.
  9646 | D:8      | Found a white marble altar of Elyvilon.
  9715 | D:8      | Reached skill level 1 in Armour
  9783 | D:8      | Reached skill level 2 in Armour
  9898 | D:8      | Reached skill level 3 in Armour
  9973 | D:8      | Found an ornate altar of the Wu Jian Council.
 10135 | D:9      | Noticed a two-headed ogre
 10238 | D:9      | Reached skill level 4 in Armour
 10368 | D:9      | Found a flagged portal.
 10401 | Bailey   | Entered a bailey
 10413 | Bailey   | Reached skill level 5 in Armour
 10985 | D:9      | Reached **** piety under Cheibriados
 11071 | D:9      | Reached skill level 6 in Armour
 11118 | D:9      | Found a staircase to the Orcish Mines.
 11947 | D:9      | Reached skill level 7 in Armour
 12023 | D:8      | Reached ***** piety under Cheibriados
 12215 | D:5      | Noticed Edmund
 12218 | D:5      | Killed Edmund
 12287 | D:5      | Reached skill level 8 in Armour
 12564 | D:5      | Found a runed translucent door.
 12565 | D:5      | Noticed Crazy Yiuf
 12570 | D:5      | Killed Crazy Yiuf
 12914 | D:5      | Reached XP level 11. HP: 68/68 MP: 7/19
 13124 | D:5      | Killed Blork the orc
 13333 | D:5      | Noticed Prince Ribbit
 13339 | D:5      | Killed Prince Ribbit
 13340 | D:5      | Reached skill level 9 in Armour
 13625 | Orc:1    | Entered Level 1 of the Orcish Mines
 14202 | Orc:1    | Found a shimmering blue altar of Sif Muna.
 14329 | Orc:1    | Got Sif Muna's Cyclopedia of Hurting
 14374 | Orc:2    | Entered Level 2 of the Orcish Mines
 14374 | Orc:2    | Noticed an ettin
 14402 | D:10     | Entered Level 10 of the Dungeon
 14486 | D:10     | Reached skill level 5 in Invocations
 15043 | D:10     | Found Ijatai's Jewellery Emporium.
 15206 | D:10     | Reached skill level 10 in Armour
 15431 | D:11     | Found Ponn's Antique Armour Shop.
 15558 | D:11     | Noticed a boulder beetle
 15724 | D:10     | HP: 1/68 [killer bee (4)]
 15724 | D:10     | Slain by a killer bee

Illustrated notes

Levels and vault maps discovered:
D:1:      sevenhm_arrival_forest_fort_small_4, layout_rooms
D:2:      layout_basic, basic_altar, nrook_campfire, kennysheep_generic_room_4
D:3:      layout_basic
D:4:      layout_rooms, minmay_temple_entry_enclosed_plants
D:5:      nicolae_cairo_tiling_very_big, layout_basic, trog_wizard,
          chequers_ossuary_entry_cave, minmay_misc_feat_room, nicolae_titane,
          uniq_crazy_yiuf_cottage, uniq_blork_the_orc, uniq_ijyb,
          uniq_prince_ribbit1, uniq_edmund
D:6:      layout_gridville
D:7:      layout_basic, uniq_pikel
D:8:      layout_rooms, gammafunk_temple_overflow_claw,
          mainiacjoe_overflow_divided_tiny, nzn_wu_jian_council_hall,
          st_stairs_7, minmay_manual_macuahuitl
D:9:      layout_roguey, hiddenorc2_lemuel, enter_bailey_5
D:10:     layout_irregular_city, serial_shops, shop, nzn_life_drinkers
D:11:     nicolae_hitomezashi [nicolae_hito_row, nicolae_hito_row,
          nicolae_hito_row, nicolae_hito_row, nicolae_hito_row,
          nicolae_hito_row, nicolae_hito_row, nicolae_hito_row,
          nicolae_hito_row, nicolae_hito_row, nicolae_hito_row,
          nicolae_hito_row, nicolae_hito_row, nicolae_hito_row,
          nicolae_hito_row, nicolae_hito_row, nicolae_hito_row,
          nicolae_hito_row], layout_rooms, david_lair_generic, serial_shops,
          nicolae_shop_temple_entry_statues_fountains, special_room
          [special_room_orc]
Temple:   nicolae_temple_no_exploring_needed
Orc:1:    layout_diamond_mine, led_sif_book
Orc:2:    st_orc_ogre_mass, layout_caves, serial_shops, nicolae_lakefront_shop,
          basic_altar

Skill      XL: |  1  2  3  4  5  6  7  8  9 10 11 |
---------------+----------------------------------+-----
Stealth        | 3 4 5 6 |  6.3
Earth Magic    | 4 5 6 8 |  8.5
Transmutations | 2 3 4 5 6 7 |  7.0
Staves         | 1 2 3 5 |  5.0
Evocations     | 1 2 |  2.0
Invocations    | 3 4 6 |  6.2
Spellcasting   | 3 5 |  5.6
Conjurations   | 1 2 |  2.0
Armour         | 8 10 | 10.0
Dodging        | |  1.7

Action                     |  1- 3 |  4- 6 |  7- 9 | 10-12 || total
---------------------------+-------+-------+-------+-------++-------
  Melee: Unarmed           |     2 |       |       |       ||     2
         Staff             |       |       |       |     2 ||     2
   Cast: Sandblast         |    39 |    93 |    44 |    10 ||   186
         Stone Arrow       |       |       |    89 |   185 ||   274
 Invoke: Bend Time         |       |       |       |     1 ||     1
Ability: Dig               |       |     2 |       |       ||     2
  Evoke: Wand              |       |     3 |    12 |     1 ||    16
    Use: Potion            |       |       |     5 |     3 ||     8
         Scroll            |       |       |     3 |     6 ||     9
 Armour: Robe              |     6 |     9 |     8 |    16 ||    39
  Dodge: Dodged            |    14 |    42 |    41 |    81 ||   178

Table legend: (Time is in decaauts)
 A = Elapsed time spent in this place.
 B = Non-inter-level travel time spent in this place.
 C = Inter-level travel time spent in this place.
 D = Time resting spent in this place.
 E = Time spent auto-exploring this place.
 F = Levels seen in this place.
 G = Mean time per level.
                   A        B        C        D        E       F      G
               +--------+--------+--------+--------+--------+-----+--------+
         Total |  19654 |  18321 |   1333 |   5919 |   3486 |  16 | 1228.4 |
       Dungeon |  18243 |  16911 |   1332 |   5405 |   3486 |  11 | 1658.5 |
        Temple |     16 |     16 |      0 |      0 |      0 |   1 |   16.0 |
  Orcish Mines |    647 |    647 |      0 |    153 |      0 |   2 |  323.5 |
       Ossuary |    730 |    730 |      0 |    361 |      0 |   1 |  730.0 |
        Bailey |     16 |     16 |      0 |      0 |      0 |   1 |   16.0 |
               +--------+--------+--------+--------+--------+-----+--------+

Top non-repeatable levels by time:
     D:6: 2713 daAuts
     D:7: 2584 daAuts
     D:9: 2547 daAuts
     D:5: 2484 daAuts
     D:8: 2264 daAuts
    D:10: 1746 daAuts
     D:4: 1125 daAuts
     D:2: 957 daAuts
     D:3: 925 daAuts
 Ossuary: 730 daAuts
     D:1: 647 daAuts
   Orc:1: 643 daAuts
    D:11: 246 daAuts
  Bailey: 16 daAuts
  Temple: 16 daAuts
